 Dungeon Crawl Stone Soup version 0.20.1-1-g8b1a95d (webtiles) character file.

100 Folque the Conjurer (level 4, -5/28 HPs)
             Began as a Tengu Conjurer on Nov 1, 2017.
             Slain by Natasha (9 damage)
             ... on level 2 of the Dungeon.
             The game lasted 00:06:07 (1331 turns).

Folque the Conjurer (Tengu Conjurer)                Turns: 1331, Time: 00:06:07

Health: -5/28      AC:  2    Str:  9    XL:     4   Next: 74%
Magic:  0/9        EV: 12    Int: 16    God:
Gold:   28         SH:  0    Dex: 14    Spells: 2/8 levels left

rFire    . . .     SeeInvis .   i - +2 dagger (elec)
rCold    . . .     Gourm    .   (no shield)
rNeg     . . .     Faith    .   a - +0 robe
rPois    .         Spirit   .   (helmet restricted)
rElec    .         Reflect  .   (no cloak)
rCorr    .         Harm     .   (no gloves)
MR       .....                  (boots unavailable)
Stlth    ++........             (no amulet)
Regen    0.1/turn               (no ring)
MPRegen  0.2/turn               (no ring)

@: no status effects
A: beak, talons 3
a: no special abilities


You were on level 2 of the Dungeon.
You were not hungry.

You visited 1 branch of the dungeon, and saw 2 of its levels.

You collected 28 gold pieces.

Inventory:

Hand Weapons
 g - a +0 dagger
 i - a +2 dagger of electrocution (weapon)
Armour
 a - a +0 robe (worn)
Scrolls
 e - a scroll of remove curse
 j - a scroll of identify {unknown}
 k - a scroll of fear {unknown}
 l - a scroll of recharging {unknown}
 n - a scroll of magic mapping {unknown}
 p - a scroll of enchant armour {unknown}
Potions
 f - 3 potions of curing {unknown}
 h - a potion of haste {unknown}
 o - 2 potions of lignification {unknown}
Books
 b - a book of Conjurations

   Spells                             Type                      Level
   a - Magic Dart                     Conjuration                  1
   b - Searing Ray                    Conjuration                  2
   c - Dazzling Spray                 Conjuration/Hexes            3
   d - Fulminant Prism                Conjuration/Hexes            4
   e - Force Lance                    Conjuration/Translocation    4
   f - Iskenderun's Mystic Blast      Conjuration                  4
Comestibles
 c - a bread ration
 m - a meat ration


   Skills:
 - Level 3.1 Fighting
 - Level 2.1 Dodging
 - Level 2.0 Stealth
 + Level 2.9 Spellcasting
 * Level 5.7 Conjurations


You had 2 spell levels left.
You knew the following spells:

 Your Spells              Type           Power        Failure   Level  Hunger
a - Magic Dart            Conj           ###.         1%          1    #......
b - Searing Ray           Conj           ###...       2%          2    ##.....
c - Dazzling Spray        Conj/Hex       ##....       17%         3    ###....


Dungeon Overview and Level Annotations

Branches:
Dungeon (2/15)

Altars:

Annotations:
D:2 Natasha


Innate Abilities, Weirdness & Mutations

You have a beak for a mouth.
You have claws for feet.


Message History

Natasha, Servant of Life and Death comes into view.
You strike the helpless Natasha from behind!
You puncture Natasha! Your kick misses Natasha.
Natasha is heavily wounded.
Natasha claws you!
* * * LOW HITPOINT WARNING * * *
Casting: Searing Ray
Confirm with . or Enter, or press ? or * to list all spells.
Aiming: Searing Ray
Press: ? - help, Shift-Dir - straight line, f - Natasha
Aim: Natasha (heavily wounded)
The searing ray hits Natasha.
Natasha is severely wounded. (Press . to maintain the ray.) Natasha claws you.
* * * LOW HITPOINT WARNING * * *
The searing ray hits Natasha.
Natasha is severely wounded.
Natasha claws you!
You die...

.. #....###### #.
#.......... P####'####
#.....##### g(.......
...... P.......# ##.#.#
P.......# ###.#.#
#P.#g...# #.....# ###+#
#P'####h# #.#.### #....
#.....@.###.#.# #....
..........##.#.# ##....
#.........[..#.###......
#.......#(.......+......
........+......###......
........#......# ......
........##+##..# ....##
...#...###..#..###....
### #.........##


You could see Natasha.

Vanquished Creatures
  Jessica (D:2)
  Natasha (twice) (D:2)
  A worm (D:2)
  A dart slug (D:1)
  4 goblins
  5 hobgoblins
  2 bats (D:1)
  5 kobolds
  A rat (D:1)
22 creatures vanquished.

Notes
Turn   | Place    | Note
-------+----------+-------------------------------------------
     0 | D:1      | Folque the Tengu Conjurer began the quest for the Orb.
     0 | D:1      | Reached XP level 1. HP: 10/10 MP: 4/4
   276 | D:1      | Reached skill level 1 in Fighting
   276 | D:1      | Reached XP level 2. HP: 16/16 MP: 0/6
   819 | D:2      | Learned a level 2 spell: Searing Ray
   831 | D:2      | Noticed Natasha
   882 | D:2      | Killed Natasha
   882 | D:2      | Reached XP level 3. HP: 12/22 MP: 1/7
  1184 | D:2      | Noticed Jessica
  1196 | D:2      | Killed Jessica
  1196 | D:2      | Reached XP level 4. HP: 25/28 MP: 1/9
  1201 | D:2      | Noticed Natasha
  1201 | D:2      | Learned a level 3 spell: Dazzling Spray
  1289 | D:2      | Killed Natasha
  1329 | D:2      | Noticed Natasha
  1331 | D:2      | Slain by Natasha

Skill      XL: |  1  2  3 |
---------------+----------+-----
Fighting       | 1 2 3 |  3.1
Dodging        | |  2.1
Stealth        | |  2.0
Spellcasting   | |  2.9
Conjurations   | |  5.7

Action                   |  1- 3 |  4- 6 || total
-------------------------+-------+-------++-------
Melee: Dagger            |    20 |     2 ||    22
       Club              |     3 |       ||     3
       Kick              |     4 |       ||     4
       Peck              |     2 |       ||     2
 Cast: Magic Dart        |    20 |     2 ||    22
       Searing Ray       |     6 |     3 ||     9
       Dazzling Spray    |       |     1 ||     1
  Use: Scroll            |     2 |       ||     2
 Stab: Distracted        |       |     1 ||     1
  Eat: Chunk             |     1 |     1 ||     2
Armor: Robe              |     3 |       ||     3
Dodge: Dodged            |    16 |       ||    16
